 Dungeon Crawl Stone Soup version 0.23.2-33-g5129a83184 (webtiles) character file.

Game seed: 13036731813037320812

131 NullDivider the Covert (level 5, 0/34 HPs)
             Began as an Octopode Assassin on July 4, 2019.
             Slain by a giant cockroach (1 damage)
             ... on level 3 of the Dungeon on July 13, 2019.
             The game lasted 00:05:26 (2214 turns).

NullDivider the Covert (Octopode Assassin)          Turns: 2214, Time: 00:05:27

Health: 0/34       AC:  1    Str: 10    XL:     5   Next: 14%
Magic:  5/5        EV: 13    Int: 13    God:
Gold:   71         SH:  0    Dex: 15    Spells: 4/4 levels left

rFire    . . .     SeeInvis .   a - +2 dagger
rCold    . . .     Gourm    +   (no shield)
rNeg     + . .     Faith    .   (helmet restricted)
rPois    .         Spirit   .   e - amulet of the gourmand
rElec    .         Reflect  .   j - ring of positive energy
rCorr    .         Harm     .   (no ring)
MR       .....                  (no ring)
Stlth    +++++.....             (no ring)
HPRegen  0.11/turn              (no ring)
MPRegen  0.09/turn              (no ring)
                                (no ring)
                                (no ring)

@: no status effects
A: almost no armour, stealthy swim, amphibious, 8 rings, constrict 8, camouflage
1, gelatinous body 1
a: no special abilities


You were on level 3 of the Dungeon.
You were completely stuffed.

You visited 1 branch of the dungeon, and saw 3 of its levels.

You collected 71 gold pieces.

Inventory:

Hand Weapons
 a - a +2 dagger (weapon)
 b - a +0 blowgun
Missiles
 c - 8 poisoned needles
 d - 2 curare-tipped needles
Jewellery
 e - an amulet of the gourmand (around mantle)
 j - a ring of positive energy (left tentacle)
Scrolls
 h - a scroll of noise {unknown}
 k - a scroll of enchant weapon {unknown}
Potions
 g - 2 potions of flight {unknown}
 i - a potion of berserk rage {unknown}
 l - a potion of invisibility {unknown}
 m - a potion of curing {unknown}
Comestibles
 f - 6 rations
 n - 4 chunks of flesh


   Skills:
 + Level 2.3 Fighting
 + Level 2.7 Short Blades
 + Level 2.0 Throwing
 + Level 1.2 Dodging
 + Level 8.0 Stealth


You had 4 spell levels left.
You didn't know any spells.
Your spell library was empty.

Dungeon Overview and Level Annotations

Branches:
Dungeon (3/15)

Altars:
Cheibriados
Fedhas
Yredelemnul
Zin


Innate Abilities, Weirdness & Mutations

You cannot wear most types of armour.
You are very stealthy in the water. (Stealth+)
You are amphibious.
You can wear up to eight rings at the same time.
You can use your tentacles to constrict eight enemies at once.
Your skin changes colour to match your surroundings (Stealth+).
Your rubbery body absorbs attacks. (AC +1, EV +1)


Message History

The orc priest is severely wounded.
You constrict the orc priest.
The orc priest hits you with a +0 flail!
* * * LOW HITPOINT WARNING * * *
The giant cockroach misses you.
You hit the orc priest but do no damage.
You squeeze the orc priest.
The orc priest is almost dead.
You constrict the orc priest.
You kill the orc priest!
Your Stealth skill increases to level 8!
You have reached level 5!
You feel agile. The giant cockroach bites you.
* * * LOW HITPOINT WARNING * * *
You hit the giant cockroach. Your grab misses the giant cockroach.
Your squeeze misses the giant cockroach.
The giant cockroach is heavily wounded.
The giant cockroach bites you.
You die...

## ### ... ..# #.# #.#
#.# #.#########
###.##.#.......#
#....#.#.......######
#...............<..
#...#s...........#####
# #@#.#...[....#
#)#.#........#
#.#.#........#
#.#.#######.## ....#
#.# >..># #.# ...##
##.###### ###.#
#........ #.#
#..#####.


You could see a giant cockroach.

Vanquished Creatures
  An orc priest (D:3)
  2 adders (D:2)
  3 worms (D:2)
  3 dart slugs
  2 leopard geckos (D:1)
  5 orcs (D:3)
  4 giant cockroaches
  6 goblins
  6 hobgoblins
  6 kobolds
  A quokka (D:3)
  7 bats
  7 frilled lizards
  9 rats
62 creatures vanquished.

Vanquished Creatures (others)
  A kobold (D:3)
  A quokka (D:3)
2 creatures vanquished.

Grand Total: 64 creatures vanquished

Notes
Turn   | Place    | Note
-------+----------+-------------------------------------------
     0 | D:1      | NullDivider the Octopode Assassin began the quest for the
                  | Orb.
     0 | D:1      | Reached XP level 1. HP: 14/14 MP: 1/1
    68 | D:1      | Reached skill level 6 in Stealth
    68 | D:1      | Reached XP level 2. HP: 19/19 MP: 2/2
   351 | D:1      | Reached XP level 3. HP: 17/24 MP: 3/3
   884 | D:2      | Reached skill level 7 in Stealth
   946 | D:2      | Reached XP level 4. HP: 29/29 MP: 4/4
  1044 | D:2      | Found a basalt altar of Yredelemnul.
  1380 | D:1      | You fall through a shaft!
  1488 | D:2      | Found a glowing silver altar of Zin.
  1689 | D:2      | Found a blossoming altar of Fedhas.
  1712 | D:2      | Found a snail-covered altar of Cheibriados.
  2213 | D:3      | Reached skill level 8 in Stealth
  2213 | D:3      | Reached XP level 5. HP: 3/34 MP: 5/5
  2213 | D:3      | HP: 1/34 [giant cockroach (2)]
  2214 | D:3      | Slain by a giant cockroach

Skill      XL: |  1  2  3  4 |
---------------+-------------+-----
Stealth        | 6 7 8 |  8.0
Fighting       | |  2.3
Short Blades   | |  2.7
Throwing       | |  2.0
Dodging        | |  1.2

Action                   |  1- 3 |  4- 6 || total
-------------------------+-------+-------++-------
Melee: Dagger            |    51 |    64 ||   115
       Constrict         |     8 |    18 ||    26
       Tentacles         |     3 |    15 ||    18
 Stab: Sleeping          |    22 |     6 ||    28
  Eat: Chunk             |     3 |    13 ||    16
Armor: Skin              |     3 |     2 ||     5
Dodge: Dodged            |    15 |    20 ||    35
